Map: Novice Twilight Fortress

Players

larsgj - Winner!

  • Race: Terran Terran
  • Spawn Location: 1:00

wasp - Winner!

  • Race: Protoss Protoss
  • Spawn Location: 1:00

A.I. 2 (Elite)

  • Race: Zerg Zerg
  • Spawn Location: 7:00

VOD

Have the link to the VOD?

Description

Time

  • Played on: July 28, 2021, 2:53 p.m.
  • Length: 47:22
Show
View Real Time Build Order
Export as new Build Order

larsgj Terran - Winner!

Build Orders:  

Get SALT Encoding   

  12  0:00  SCV  
  13  0:15  Supply Depot  
  13  0:24  Supply Depot  
  14  0:28  SCV  
  14  0:43  SCV  
  15  0:55  SCV  
  16  1:00  Barracks  
  16  1:07  SCV  
  17  1:19  SCV  
  17  1:20  Engineering Bay  
  18  1:31  SCV  
  18  1:32  Supply Depot  
  19  1:43  SCV  
  20  1:55  SCV, Refinery  
  20  1:59  Refinery  
  21  2:04  Supply Depot  
  21  2:07  SCV  
  22  2:20  SCV  
  23  2:22  Supply Depot  
  23  2:27  Supply Depot  
  23  2:32  SCV  
  24  2:44  SCV  
  25  2:45  Supply Depot  
  25  2:56  SCV  
  26  3:03  Factory  
  26  3:08  SCV, Supply Depot  
  27  3:16  Command Center  
  27  3:20  SCV  
  27  3:26  Refinery  
  28  3:30  Refinery  
  28  3:32  SCV  
  28  3:34  Supply Depot  
  29  3:51  Marine  
  30  4:01  Starport  
  30  4:09  Marine  
  31  4:14  Armory  
  31  4:18  Hi-Sec Auto Tracking  
  31  4:26  Marine  
  31  4:29  SCV  
  33  4:41  SCV  
  33  4:44  Marine  
  35  4:53  SCV  
  36  5:00  Starport  
  36  5:01  Starport Tech Lab  
  36  5:02  Marine  
  36  5:05  SCV  
  38  5:10  Fusion Core  
  38  5:17  SCV  
  38  5:20  Missile Turret  
  39  5:32  Orbital Command  
  39  5:33  Orbital Command  
  39  5:39  Missile Turret  
  39  5:41  Starport Tech Lab  
  39  5:47  Starport  
  39  5:59  Missile Turret  
  39  6:20  Missile Turret  
  39  6:26  Starport Tech Lab  
  39  6:40  Missile Turret  
  39  6:45  Battlecruiser  
  45  6:59  Missile Turret  
  45  7:00  Battlecruiser  
  51  7:17  Supply Depot  
  51  7:19  Supply Depot  
  51  7:35  Weapon Refit  
  51  7:40  Terran Ship Weapons Level 1  
  51  7:43  Missile Turret  
  51  7:51  Battlecruiser  
  57  7:53  Battlecruiser  
  63  8:11  Supply Depot  
  63  8:30  Command Center  
  63  8:35  Supply Depot  
  63  8:58  Supply Depot  
  63  9:01  Battlecruiser  
  69  9:27  Battlecruiser  
  75  9:34  Terran Vehicle And Ship Armor Level 1  
  75  9:46  Command Center  
  75  10:49  Battlecruiser x2  
  87  10:55  Battlecruiser  
  93  11:04  Orbital Command  
  93  11:14  SCV  
  94  11:26  SCV  
  95  11:38  SCV  
  96  11:51  Orbital Command, Refinery  
  96  11:52  Refinery  
  96  12:04  Battlecruiser, Missile Turret  
  96  12:05  Battlecruiser  
  96  12:07  Battlecruiser  
  93  14:15  Battlecruiser  
  93  14:16  Battlecruiser  
  105  14:37  Battlecruiser  
  105  15:20  Battlecruiser x2  
  117  15:48  Battlecruiser  
  111  18:58  Battlecruiser x2  
  123  22:02  Battlecruiser x2  
  134  30:45  Command Center  
  134  31:00  Command Center  
  134  31:02  Command Center  
  134  32:55  Orbital Command  
  134  33:00  Orbital Command  
  134  33:09  Orbital Command  
  134  33:25  SCV  
  134  33:28  SCV  
  134  33:35  SCV  
  134  33:37  SCV  
  134  33:40  SCV  
  134  33:47  SCV  
  134  33:48  Refinery  
  134  33:49  SCV  
  134  33:52  SCV  
  134  33:53  Refinery  
  134  33:59  SCV  
  134  34:01  SCV  
  134  34:05  SCV, Refinery  
  134  34:08  Refinery  
  134  34:11  SCV  
  134  34:13  SCV  
  134  34:17  SCV, Refinery  
  134  34:21  Refinery  
  134  34:24  SCV  
  134  34:34  Supply Depot  
  134  34:48  Rapid Reignition System  
  134  34:50  Terran Vehicle And Ship Armor Level 2  
  134  34:57  Supply Depot  
  134  35:02  SCV  
  134  35:05  SCV  
  134  35:09  SCV  
  134  35:14  SCV  
  134  35:17  SCV  
  134  35:22  Supply Depot  
  134  35:26  SCV  
  134  35:30  SCV  
  134  35:38  SCV  
  134  35:42  SCV  
  134  35:44  Advanced Ballistics  
  134  35:45  Supply Depot  
  134  35:50  SCV  
  134  35:54  SCV  
  134  35:56  Command Center  
  134  35:57  Command Center  
  134  36:02  SCV  
  134  36:06  SCV  
  134  36:08  Supply Depot  
  134  36:15  SCV  
  134  36:30  Battlecruiser x2  
  134  36:31  Supply Depot  
  134  36:33  Battlecruiser  
  134  36:53  Supply Depot  
  134  37:06  Terran Ship Weapons Level 2  
  134  37:13  Orbital Command  
  134  37:15  Supply Depot  
  134  37:20  Refinery  
  134  37:25  SCV  
  134  37:34  Refinery  
  134  37:37  SCV  
  134  37:38  Supply Depot  
  134  37:39  Refinery  
  134  37:49  SCV  
  134  37:55  Refinery  
  134  38:00  Supply Depot  
  134  38:02  SCV  
  134  38:03  Battlecruiser  
  134  38:04  Battlecruiser  
  134  38:05  Battlecruiser  
  134  38:14  SCV  
  134  38:22  Supply Depot  
  134  38:45  Supply Depot  
  134  39:08  Supply Depot  
  134  39:33  Terran Vehicle And Ship Armor Level 3  
  134  39:36  Neosteel Armor  
  134  39:43  Corvid Reactor  
  134  39:45  Cloaking Field  
  134  39:47  Hyperflight Rotors  
  134  41:16  Terran Infantry Armor Level 1  
  134  42:10  Terran Ship Weapons Level 3  
  134  43:11  Terran Infantry Weapons Level 1  
  134  44:47  Terran Vehicle Weapons Level 1  
Show
View Real Time Build Order
Export as new Build Order

wasp Protoss - Winner!

Build Orders:  

Get SALT Encoding   

  12  0:24  Pylon  
  12  0:34  Pylon  
  12  1:10  Gateway  
  12  1:33  Assimilator  
  12  1:39  Assimilator  
  12  1:47  Gateway  
  12  1:57  Gateway  
  12  2:02  Zealot  
  14  2:26  Probe  
  17  2:38  Probe  
  18  2:48  Forge  
  18  2:50  Probe  
  21  3:01  Zealot  
  21  3:02  Probe  
  24  3:05  Zealot  
  24  3:12  Zealot  
  24  3:14  Probe  
  25  3:28  Zealot  
  25  3:33  Zealot  
  29  3:39  Zealot  
  31  4:50  Pylon  
  31  4:52  Pylon  
  31  4:55  Pylon  
  31  5:02  Pylon  
  31  5:06  Pylon  
  31  5:08  Probe  
  31  5:10  Pylon  
  31  5:12  Pylon  
  32  5:16  Pylon  
  32  5:23  Pylon  
  32  5:27  Pylon  
  32  5:36  Pylon  
  32  5:38  Pylon  
  32  5:45  Pylon  
  32  5:51  Pylon  
  32  5:54  Pylon  
  32  5:59  Pylon  
  32  6:09  Pylon  
  32  6:57  Pylon  
  32  6:59  Pylon  
  32  7:18  Pylon  
  32  7:52  Photon Cannon  
  32  8:05  Photon Cannon  
  32  8:11  Photon Cannon  
  32  8:17  Photon Cannon  
  32  8:24  Photon Cannon  
  32  9:08  Nexus  
  32  9:28  Photon Cannon  
  32  9:40  Photon Cannon  
  32  9:41  Photon Cannon  
  32  9:45  Photon Cannon  
  32  9:54  Photon Cannon  
  32  9:58  Photon Cannon  
  32  10:04  Photon Cannon  
  32  10:14  Photon Cannon  
  32  10:20  Photon Cannon  
  32  10:24  Photon Cannon  
  32  10:29  Photon Cannon  
  32  10:37  Photon Cannon  
  32  11:00  Probe  
  33  11:12  Probe  
  34  11:24  Probe  
  35  11:37  Probe  
  36  11:49  Probe  
  37  12:07  Photon Cannon  
  37  12:10  Photon Cannon  
  37  12:14  Photon Cannon  
  37  12:18  Photon Cannon  
  37  12:20  Photon Cannon  
  37  12:26  Photon Cannon  
  37  12:32  Photon Cannon  
  37  12:40  Photon Cannon  
  37  12:45  Photon Cannon  
  37  12:47  Photon Cannon  
  37  12:52  Photon Cannon  
  37  12:56  Photon Cannon  
  37  13:01  Photon Cannon  
  37  14:03  Photon Cannon  
  37  14:58  Zealot  
  39  15:00  Zealot  
  39  15:01  Zealot  
  43  15:26  Zealot  
  43  15:27  Zealot  
  47  15:28  Zealot  
  49  15:54  Zealot  
  49  15:55  Zealot  
  53  16:14  Cybernetics Core  
  53  16:21  Zealot  
  53  16:23  Zealot  
  57  16:48  Zealot  
  57  16:50  Zealot  
  61  17:02  Nexus  
  61  17:05  Stalker  
  63  17:15  Stalker  
  65  17:17  Zealot  
  67  17:35  Stalker  
  71  17:44  Zealot  
  71  17:45  Stalker  
  73  18:05  Stalker  
  75  18:11  Stalker  
  77  18:15  Zealot  
  79  18:35  Zealot  
  79  18:41  Stalker  
  83  18:42  Zealot  
  85  19:02  Zealot  
  87  19:09  Stalker  
  89  19:11  Zealot  
  91  19:29  Zealot  
  93  19:38  Zealot  
  95  19:39  Zealot  
  97  20:08  Stargate  
  97  20:27  Twilight Council  
  97  20:50  Pylon  
  97  20:57  Pylon  
  97  21:04  Pylon  
  97  21:09  Pylon  
  97  21:17  Pylon  
  97  21:24  Pylon  
  97  21:29  Assimilator  
  97  21:33  Assimilator  
  97  24:33  Stalker  
  97  24:38  Stalker  
  97  24:50  Stalker  
  97  25:03  Zealot  
  97  25:08  Zealot  
  97  25:20  Zealot  
  97  25:30  Stalker  
  97  25:35  Stalker  
  97  25:47  Stalker  
  97  26:00  Zealot  
  97  26:05  Zealot  
  97  26:17  Zealot  
  97  26:27  Stalker  
  97  26:32  Stalker  
  97  26:44  Stalker  
  97  26:48  Robotics Facility  
  97  27:53  Pylon  
  97  28:06  Zealot  
  97  28:10  Zealot  
  97  28:13  Zealot  
  97  28:21  Robotics Facility  
  97  28:23  Warp Prism  
  97  28:38  Robotics Facility  
  97  28:49  Pylon  
  97  28:52  Pylon  
  97  28:55  Pylon  
  97  29:01  Pylon, Zealot  
  97  29:07  Warp Prism, Zealot x2  
  97  29:26  Warp Prism  
  97  29:28  Zealot  
  97  29:35  Zealot x2  
  97  29:43  Warp Prism  
  97  29:55  Zealot  
  97  30:02  Warp Prism, Zealot x2  
  97  30:18  Warp Prism  
  97  30:22  Zealot  
  97  30:29  Zealot x2  
  97  30:38  Warp Prism  
  97  30:54  Warp Prism  
  97  31:26  Warp Prism  
  97  35:12  Warp Prism  
  97  37:16  Warp Prism  
  97  37:51  Probe  
  97  38:03  Probe  
  97  38:16  Probe  
  97  41:09  Warp Prism  
Show
View Real Time Build Order
Export as new Build Order

A.I. 2 (Elite) Zerg 

Build Orders: Pool First 

Get SALT Encoding   

  12  0:00  Drone  
  13  0:12  Overlord  
  13  0:17  Drone  
  14  0:30  Drone x2  
  16  0:43  Spawning Pool  
  16  0:45  Drone  
  16  0:50  Drone  
  17  1:12  Hatchery  
  17  1:15  Drone  
  17  1:18  Extractor  
  17  1:22  Drone  
  17  1:25  Drone  
  17  1:30  Drone  
  19  1:39  Overlord  
  19  1:51  Queen  
  21  1:55  Zergling x2  
  21  1:59  Drone  
  23  2:15  Drone  
  24  2:21  Drone  
  25  2:26  Queen  
  27  2:33  Roach Warren  
  27  2:35  Drone  
  27  2:37  Drone  
  27  2:41  Zergling x2  
  29  2:44  Zergling x2  
  29  2:50  Overlord  
  30  2:53  Drone  
  30  2:56  Drone  
  32  2:58  Drone  
  32  3:01  Drone  
  34  3:13  Roach  
  34  3:15  Roach  
  34  3:16  Roach  
  34  3:17  Roach  
  42  3:21  Overlord  
  42  3:28  Drone x2  
  42  3:29  Overlord  
  44  3:34  Overlord  
  44  3:39  Roach  
  44  3:41  Roach  
  48  3:44  Roach  
  48  3:48  Roach  
  52  3:51  Roach  
  52  3:53  Roach  
  56  3:57  Roach  
  56  4:00  Roach  
  56  4:02  Drone  
  61  4:04  Drone  
  61  4:06  Drone  
  61  4:08  Drone  
  64  4:11  Extractor  
  64  4:12  Drone  
  64  4:17  Overlord  
  64  4:21  Overlord  
  64  4:23  Drone  
  65  4:25  Drone  
  65  4:27  Drone  
  67  4:33  Drone  
  67  4:35  Roach x2  
  74  4:38  Roach  
  74  4:41  Roach  
  74  4:45  Overlord  
  76  4:46  Drone  
  76  4:48  Drone  
  76  4:50  Drone  
  76  4:52  Drone  
  80  4:56  Overlord  
  80  5:01  Lair  
  80  5:03  Roach  
  80  5:06  Roach  
  84  5:09  Roach  
  84  5:11  Roach  
  88  5:14  Overlord  
  88  5:16  Drone  
  88  5:18  Drone  
  88  5:19  Drone  
  92  5:21  Zergling x2  
  92  5:29  Drone  
  92  5:30  Drone  
  94  5:36  Extractor, Overlord, Drone  
  94  5:38  Drone  
  95  5:46  Extractor  
  95  5:47  Drone  
  95  5:58  Drone, Evolution Chamber  
  95  5:59  Drone x3  
  95  6:01  Infestation Pit  
  95  6:02  Drone  
  95  6:03  Hatchery, Hydralisk Den  
  96  6:07  Drone  
  96  6:09  Drone  
  99  6:11  Drone  
  99  6:14  Overlord  
  99  6:16  Drone  
  99  6:18  Drone  
  101  6:24  Zerg Missile Weapons Level 1  
  101  6:29  Evolution Chamber  
  100  6:33  Hydralisk x2  
  100  6:34  Hydralisk  
  100  6:35  Hydralisk, Overlord  
  100  6:39  Infestor  
  110  6:49  Infestor  
  112  7:03  Zerg Ground Armor Level 1  
  112  7:05  Spine Crawler  
  112  7:08  Spine Crawler  
  110  7:09  Overseer  
  110  7:15  Drone, Queen  
  110  7:16  Drone x3, Ravager  
  110  7:17  Drone x4  
  110  7:18  Drone x3, Overlord  
  110  7:19  Drone  
  110  7:21  Extractor  
  124  7:23  Ravager  
  124  7:25  Drone  
  124  7:27  Drone  
  124  7:29  Drone  
  128  7:36  Drone  
  129  7:37  Overlord  
  129  7:39  Drone  
  129  7:43  Hydralisk, Drone x2  
  134  7:47  Drone x3, Infestor  
  134  7:49  Drone  
  140  7:51  Drone  
  140  7:57  Overlord  
  141  7:59  Extractor, Hydralisk  
  141  8:02  Drone  
  143  8:08  Hydralisk  
  143  8:10  Hydralisk  
  143  8:12  Infestor  
  147  8:16  Overlord, Spore Crawler  
  147  8:17  Drone, Pathogen Glands  
  147  8:18  Spore Crawler  
  147  8:19  Drone  
  149  8:22  Drone  
  150  8:27  Zerg Missile Weapons Level 2  
  150  8:34  Spine Crawler  
  150  8:35  Drone, Overlord  
  150  8:48  Spine Crawler  
  150  8:49  Hatchery  
  150  8:51  Spore Crawler  
  150  8:52  Drone  
  148  9:09  Queen  
  150  9:12  Hydralisk  
  150  9:13  Neural Parasite  
  150  9:16  Hydralisk  
  154  9:17  Zerg Ground Armor Level 2  
  154  9:20  Zergling x2  
  154  9:21  Zergling x2  
  154  9:23  Evolution Chamber  
  155  9:26  Spine Crawler  
  155  9:27  Drone  
  155  9:28  Spine Crawler  
  155  9:29  Drone  
  155  9:30  Spine Crawler  
  155  9:31  Drone  
  155  9:38  Zergling x2  
  155  9:39  Overlord, Zergling x2  
  157  9:49  Zerg Melee Weapons Level 1  
  157  9:51  Overseer  
  157  9:57  Spine Crawler  
  157  9:59  Spore Crawler  
  155  10:01  Drone, Spine Crawler  
  155  10:02  Drone x3  
  155  10:03  Drone x3  
  155  10:04  Pneumatized Carapace  
  155  10:05  Overseer  
  155  10:06  Zergling x2  
  155  10:07  Zergling x2  
  161  10:08  Hydralisk, Zergling x2  
  161  10:09  Extractor  
  161  10:10  Roach x2, Drone  
  161  10:11  Hydralisk, Roach, Spore Crawler, Drone  
  161  10:13  Hydralisk, Spore Crawler  
  163  10:14  Roach, Drone  
  163  10:16  Roach, Spore Crawler, Infestor  
  163  10:17  Drone  
  163  10:18  Roach  
  150  10:22  Extractor, Hatchery  
  150  10:24  Spire  
  150  10:25  Drone  
  127  10:28  Drone  
  127  10:32  Drone  
  127  10:37  Ravager  
  127  10:42  Hydralisk  
  128  10:44  Roach  
  128  10:46  Roach  
  128  10:47  Roach  
  128  10:48  Roach, Hive  
  138  10:50  Roach  
  138  10:51  Roach  
  138  10:52  Roach  
  138  10:56  Metabolic Boost  
  144  11:00  Ravager  
  144  11:01  Roach  
  144  11:03  Hydralisk  
  147  11:05  Hydralisk  
  147  11:08  Hydralisk  
  147  11:10  Hydralisk  
  155  11:17  Infestor  
  157  11:24  Infestor  
  159  11:30  Spine Crawler  
  159  11:31  Drone  
  159  11:35  Corruptor x2  
  159  11:36  Corruptor x2  
  159  11:37  Corruptor  
  169  11:41  Corruptor  
  169  11:46  Corruptor  
  173  11:50  Corruptor  
  173  11:51  Overlord  
  173  11:53  Extractor  
  174  11:54  Drone  
  174  11:55  Extractor, Corruptor  
  174  11:56  Drone  
  174  12:00  Corruptor  
  179  12:13  Spine Crawler  
  179  12:14  Drone  
  179  12:20  Drone, Spine Crawler  
  179  12:22  Spine Crawler  
  178  12:23  Drone  
  178  12:25  Queen  
  181  12:31  Mutalisk  
  181  12:33  Mutalisk  
  185  12:38  Mutalisk  
  185  12:42  Drone, Corruptor  
  187  12:45  Queen  
  187  12:46  Corruptor  
  187  12:50  Corruptor  
  187  12:51  Drone x2  
  190  12:53  Queen  
  190  12:54  Drone  
  190  12:56  Spire  
  190  12:57  Drone  
  193  12:58  Spore Crawler  
  193  12:59  Drone  
  193  13:00  Spore Crawler  
  193  13:01  Drone  
  193  13:02  Spore Crawler  
  193  13:03  Drone  
  185  13:09  Drone  
  185  13:12  Roach Warren  
  178  13:14  Drone  
  175  13:20  Lair  
  175  13:26  Spawning Pool  
  164  13:45  Overlord  
  160  13:53  Overlord  
  159  13:55  Overlord  
  159  13:58  Overlord  
  159  14:00  Overlord  
  143  14:03  Overlord  
  135  14:15  Corruptor  
  135  14:16  Corruptor  
  129  14:17  Hydralisk  
  129  14:18  Hydralisk x2, Drone, Spine Crawler, Mutalisk  
  129  14:19  Drone x3  
  129  14:20  Drone x3  
  129  14:22  Overlord  
  129  14:24  Drone, Spine Crawler  
  129  14:25  Drone  
  129  14:26  Drone  
  129  14:27  Drone  
  129  14:28  Drone  
  129  14:30  Roach  
  125  14:31  Zergling x2  
  125  14:33  Roach  
  125  14:35  Zergling x2  
  125  14:36  Roach  
  125  14:38  Roach  
  116  14:40  Roach  
  116  14:41  Roach  
  116  14:43  Roach  
  107  14:46  Roach x2  
  107  14:47  Roach x2  
  107  14:49  Roach  
  115  14:53  Roach  
  115  14:54  Spawning Pool  
  115  14:55  Roach  
  115  14:57  Hydralisk  
  115  14:59  Hydralisk  
  115  15:02  Hydralisk  
  115  15:04  Drone  
  117  15:08  Hatchery  
  117  15:09  Drone  
  117  15:11  Roach  
  121  15:14  Roach x2  
  121  15:15  Roach x2  
  121  15:16  Roach  
  121  15:17  Hatchery, Overlord  
  121  15:18  Drone  
  121  15:21  Corruptor  
  127  15:22  Corruptor  
  127  15:25  Corruptor  
  127  15:27  Extractor  
  132  15:31  Infestation Pit  
  132  15:32  Drone  
  132  15:33  Drone  
  133  15:35  Overlord  
  133  15:42  Corruptor x2  
  135  15:43  Corruptor  
  135  15:44  Zergling x4  
  135  15:46  Corruptor  
  143  15:51  Corruptor  
  143  15:54  Overlord  
  145  15:57  Corruptor  
  145  16:00  Corruptor  
  145  16:03  Corruptor  
  151  16:06  Infestor  
  151  16:07  Infestor  
  151  16:08  Drone, Evolution Chamber, Hive  
  155  16:12  Mutalisk  
  155  16:13  Evolution Chamber  
  155  16:15  Overlord  
  155  16:16  Drone  
  155  16:18  Mutalisk  
  157  16:21  Corruptor  
  157  16:23  Drone  
  155  16:28  Drone  
  155  16:29  Drone  
  155  16:32  Drone x2  
  157  16:35  Drone  
  153  16:41  Spire  
  153  16:43  Drone  
  153  16:44  Drone  
  140  16:55  Spawning Pool  
  140  17:00  Drone  
  137  17:01  Drone  
  137  17:03  Drone  
  137  17:04  Drone  
  137  17:05  Drone  
  137  17:07  Drone  
  143  17:10  Drone, Infestation Pit  
  143  17:11  Drone  
  120  17:25  Hydralisk  
  120  17:28  Hydralisk  
  115  17:31  Hydralisk  
  115  17:33  Drone  
  115  17:34  Roach  
  115  17:36  Roach  
  105  17:38  Roach  
  105  17:39  Drone  
  105  17:41  Drone  
  105  17:43  Zergling x2  
  105  17:44  Queen, Zergling x2  
  96  17:46  Drone, Infestor  
  96  17:47  Infestor  
  96  17:50  Drone  
  103  17:53  Drone  
  103  17:55  Drone  
  103  17:56  Spire  
  100  18:04  Drone  
  97  18:10  Hatchery  
  85  18:18  Drone  
  82  18:20  Drone  
  82  18:21  Drone  
  82  18:23  Drone  
  82  18:25  Drone  
  82  18:26  Hatchery  
  84  18:40  Hydralisk  
  84  18:41  Drone  
  78  18:42  Drone x2  
  78  18:44  Drone  
  78  18:46  Zergling x2  
  71  18:55  Zergling x2  
  56  18:59  Hatchery  
  53  19:03  Roach Warren  
  53  19:06  Hydralisk Den  
  47  19:18  Spawning Pool  
  47  19:23  Drone  
  47  19:24  Drone  
  47  19:29  Drone  
  48  19:34  Hydralisk  
  48  19:44  Roach  
  49  19:52  Overlord  
  44  20:05  Hatchery  
  41  20:17  Hatchery  
  41  20:19  Spawning Pool  
  21  20:29  Drone  
  21  20:49  Drone x2  
  14  20:52  Drone  
  11  21:01  Hatchery  
  3  21:25  Drone  
  3  21:28  Drone  
  3  21:37  Drone  
  3  21:38  Drone  
  3  22:13  Drone x2  
  3  22:39  Drone  
  4  22:54  Drone  
Tags
 
Add a new tag
Caveats
  • Supply blocks, unpowered buildings, or Contaminate may cause inaccurate times.
  • Supply counts are checked every 10 seconds.